Map: Bridgehead LE (Void)

Players

Yrotciv

  • Race: Zerg Zerg
  • League: Grandmaster

ionONE

  • Race: Zerg Zerg
  • League: Platinum

MoonLjth - Winner!

  • Race: Protoss Protoss
  • League: Platinum

iQuitBYE - Winner!

  • Race: Protoss Protoss
  • League: Grandmaster

VOD

Have the link to the VOD?

Description

Time

  • Played on: Oct. 2, 2015, 7:17 p.m.
  • Length: 16:02
Show
View Real Time Build Order
Export as new Build Order

Yrotciv Zerg 

Build Orders: Hatch First 

Get SALT Encoding   

  12  0:01  Drone  
  13  0:07  Drone  
  14  0:20  Drone, Extractor  
  14  0:21  Extractor  
  13  0:22  Drone  
  13  0:27  Overlord  
  16  0:54  Hatchery, Drone  
  16  0:56  Drone  
  17  0:59  Drone  
  18  1:06  Drone  
  19  1:19  Spawning Pool  
  19  1:22  Drone, Extractor  
  18  1:31  Overlord  
  18  1:42  Drone  
  19  1:51  Drone  
  20  2:01  Drone  
  21  2:07  Queen  
  23  2:09  Queen  
  23  2:10  Zergling x4  
  27  2:23  Metabolic Boost, Drone x2  
  29  2:30  Drone  
  29  2:32  Drone  
  31  2:45  Queen  
  31  2:47  Overlord  
  31  2:50  Drone x2  
  35  2:56  Drone  
  36  3:03  Roach Warren  
  36  3:04  Drone  
  36  3:06  Drone  
  36  3:07  Evolution Chamber  
  36  3:10  Drone  
  37  3:19  Drone x4  
  40  3:21  Drone  
  40  3:34  Extractor  
  40  3:37  Extractor  
  40  3:38  Zergling x10  
  43  3:42  Overlord  
  43  3:51  Overlord  
  43  4:00  Lair  
  43  4:03  Drone x6  
  43  4:05  Drone  
  50  4:10  Zerg Ground Armor Level 1  
  50  4:24  Drone x3  
  50  4:25  Drone x5  
  50  4:30  Extractor  
  57  4:37  Roach  
  58  4:39  Overlord  
  58  4:51  Roach  
  60  4:57  Hatchery  
  58  5:00  Hydralisk Den  
  58  5:03  Roach x5  
  58  5:05  Overlord x2  
  65  5:17  Drone x3  
  65  5:20  Overseer  
  68  5:27  Roach x3  
  74  5:29  Glial Reconstitution  
  74  5:32  Muscular Augments  
  74  5:35  Drone x4  
  77  5:45  Drone  
  77  5:47  Drone  
  79  5:51  Overseer  
  79  5:55  Drone  
  80  5:57  Burrow  
  80  5:58  Pneumatized Carapace  
  80  5:59  Drone x2  
  80  6:01  Extractor  
  80  6:02  Drone x3  
  80  6:03  Overlord, Extractor  
  80  6:04  Overlord x2  
  83  6:09  Zerg Missile Weapons Level 1  
  82  6:13  Roach x2  
  82  6:14  Zergling x2  
  81  6:34  Zergling x12  
  86  6:47  Zergling x10  
  86  6:48  Zergling x2  
  85  7:01  Zergling x8  
  89  7:02  Zergling x2  
  90  7:10  Roach x2  
  94  7:25  Queen  
  94  7:28  Drone x6  
  102  7:34  Overlord  
  100  7:53  Zergling x18  
  100  7:58  Hydralisk Den  
  100  8:07  Drone x3, Spine Crawler  
  100  8:08  Spore Crawler  
  100  8:17  Lurker Den  
  100  8:18  Drone x2  
  102  8:27  Roach x9  
  102  8:31  Overseer  
  116  8:36  Drone x2  
  118  8:42  Roach  
  119  8:49  Hydralisk  
  119  8:51  Hatchery, Overlord x3  
  119  9:07  Hydralisk  
  121  9:14  Hatchery  
  120  9:20  Overseer  
  120  9:21  Overseer, Zerg Missile Weapons Level 2  
  119  9:25  Nydus Network, Roach x7  
  119  9:30  Zergling x2  
  119  9:31  Zergling x8  
  124  9:38  Hydralisk  
  124  9:39  Roach x2  
  128  9:45  Hydralisk x2  
  128  9:46  Roach  
  133  9:56  Infestation Pit  
  130  10:04  Nydus Canal  
  126  10:07  Hydralisk x6  
  126  10:09  Hydralisk  
  141  10:14  Zergling x6  
  141  10:19  Zergling x8  
  146  10:24  Spine Crawler  
  146  10:27  Spine Crawler  
  144  10:28  Zergling x6  
  144  10:29  Zergling x2  
  139  10:49  Drone, Zergling x28  
  145  10:51  Zergling x2  
  145  10:55  Zergling x2  
  144  10:57  Zergling x2  
  144  11:01  Drone, Zergling x10  
  135  11:06  Zergling x2  
  135  11:08  Zergling x2  
  123  11:14  Zergling x8  
  123  11:15  Zergling x4  
  114  11:21  Hive  
  98  11:28  Drone x4  
  96  11:40  Nydus Canal  
  91  11:47  Drone x6  
  91  11:51  Drone x2  
  90  11:54  Nydus Canal  
  89  12:05  Drone x7  
  96  12:19  Roach x5  
  96  12:20  Roach  
  103  12:39  Queen  
  103  12:40  Drone x10  
  103  12:41  Roach  
  103  12:43  Roach  
  109  12:51  Roach x2  
  109  12:52  Roach x3  
  109  12:53  Roach  
  121  12:59  Zerg Missile Weapons Level 3  
  118  13:21  Nydus Canal  
  118  13:23  Roach x14  
  118  13:24  Roach  
  118  13:25  Overlord x2  
  128  13:45  Roach  
  128  13:46  Roach x8  
  146  13:48  Zergling x2  
  146  13:53  Zergling x2  
  142  13:56  Zergling x6  
  142  13:58  Roach x4  
  151  14:03  Roach x2  
  149  14:10  Roach x4  
  149  14:13  Overlord x2  
  149  14:16  Spine Crawler  
  155  14:18  Spine Crawler  
  155  14:19  Spore Crawler  
  155  14:20  Spine Crawler  
  150  14:27  Ultralisk Cavern  
  150  14:29  Hydralisk Den  
  141  14:35  Zergling x20  
  141  14:36  Hatchery  
  148  14:41  Roach x2  
  148  14:45  Roach  
  133  14:52  Roach x2  
  135  14:57  Roach  
  125  15:00  Roach x3  
  125  15:04  Roach x2  
  125  15:06  Roach  
  121  15:14  Roach  
  110  15:17  Drone  
  110  15:18  Roach  
  69  15:21  Roach  
  69  15:26  Drone  
  70  15:32  Roach  
  58  15:37  Roach  
  58  15:42  Drone, Roach x3  
Show
View Real Time Build Order
Export as new Build Order

ionONE Zerg 

Build Orders:  

Get SALT Encoding   

  12  0:01  Probe (Chrono Boost)  
  13  0:15  Pylon  
  13  0:18  Probe (Chrono Boost)  
  14  0:29  Probe (Chrono Boost)  
  15  0:37  Gateway  
  15  0:40  Probe (Chrono Boost)  
  16  0:45  Assimilator  
  16  0:50  Probe (Chrono Boost)  
  17  1:01  Probe (Chrono Boost)  
  18  1:11  Probe (Chrono Boost)  
  19  1:24  Nexus  
  19  1:34  Cybernetics Core  
  19  1:36  Probe (Chrono Boost)  
  20  1:44  Pylon  
  21  1:47  Probe (Chrono Boost)  
  21  1:54  Assimilator  
  21  1:57  Probe (Chrono Boost)  
  23  2:08  Adept  
  23  2:09  Probe (Chrono Boost)  
  23  2:11  Warp Gate  
  25  2:21  Probe (Chrono Boost)  
  26  2:27  Pylon  
  26  2:32  Probe (Chrono Boost)  
  27  2:44  Probe (Chrono Boost)  
  27  2:47  Probe (Chrono Boost)  
  29  2:55  Mothership Core (Chrono Boost)  
  29  2:58  Probe (Chrono Boost)  
  32  3:08  Probe (Chrono Boost)  
  33  3:13  Probe (Chrono Boost)  
  33  3:16  Nexus  
  33  3:19  Probe (Chrono Boost)  
  35  3:24  Probe (Chrono Boost)  
  36  3:29  Probe (Chrono Boost)  
  36  3:33  Robotics Facility  
  37  3:35  Probe (Chrono Boost)  
  37  3:36  Pylon  
  37  3:40  Probe (Chrono Boost)  
  39  3:45  Probe (Chrono Boost)  
  40  3:50  Probe (Chrono Boost)  
  40  3:53  Twilight Council  
  41  3:56  Probe (Chrono Boost)  
  41  4:01  Probe (Chrono Boost), Pylon  
  43  4:06  Probe (Chrono Boost)  
  43  4:08  Gateway  
  44  4:11  Probe (Chrono Boost)  
  44  4:13  Gateway  
  45  4:18  Warp Prism  
  45  4:20  Probe (Chrono Boost)  
  48  4:27  Probe (Chrono Boost)  
  48  4:29  Assimilator  
  51  4:32  Assimilator  
  51  4:33  Probe (Chrono Boost)  
  50  4:40  Probe (Chrono Boost)  
  50  4:42  Probe (Chrono Boost)  
  52  4:47  Stalker  
  52  4:51  Probe (Chrono Boost)  
  54  4:57  Gateway  
  54  4:58  Probe (Chrono Boost), Pylon  
  52  5:00  Probe (Chrono Boost)  
  52  5:04  Immortal  
  56  5:07  Probe (Chrono Boost)  
  56  5:10  Blink  
  55  5:16  Probe (Chrono Boost)  
  55  5:20  Probe x2 (Chrono Boost)  
  58  5:29  Probe (Chrono Boost), Forge  
  58  5:31  Forge  
  58  5:33  Probe (Chrono Boost)  
  58  5:34  Probe (Chrono Boost)  
  61  5:40  Probe (Chrono Boost)  
  62  5:44  Probe (Chrono Boost)  
  62  5:45  Probe (Chrono Boost)  
  62  5:48  Adept  
  62  5:49  Adept  
  68  5:50  Probe (Chrono Boost)  
  68  5:51  Adept, Protoss Ground Armor Level 1  
  68  5:52  Protoss Ground Weapons Level 1  
  68  5:56  Probe (Chrono Boost)  
  73  5:58  Probe (Chrono Boost)  
  73  6:00  Observer  
  73  6:01  Probe (Chrono Boost)  
  75  6:07  Probe (Chrono Boost)  
  75  6:10  Probe (Chrono Boost)  
  77  6:14  Adept x2  
  82  6:20  Probe (Chrono Boost)  
  82  6:22  Stalker x2  
  87  6:26  Probe (Chrono Boost)  
  87  6:27  Probe (Chrono Boost)  
  87  6:32  Probe (Chrono Boost)  
  89  6:35  Adept x2  
  89  6:38  Probe x2 (Chrono Boost)  
  91  6:44  Probe (Chrono Boost)  
  91  6:46  Zealot  
  92  6:48  Zealot  
  90  6:55  Pylon  
  90  6:57  Pylon  
  90  6:59  Probe (Chrono Boost)  
  90  7:00  Probe (Chrono Boost), Assimilator  
  92  7:02  Probe (Chrono Boost)  
  93  7:10  Immortal  
  93  7:13  Pylon  
  93  7:15  Probe (Chrono Boost), Pylon  
  98  7:17  Pylon  
  98  7:22  Stalker x3  
  100  7:23  Stalker  
  103  7:31  Probe (Chrono Boost), Assimilator  
  103  7:34  Photon Cannon x2  
  103  7:35  Probe (Chrono Boost)  
  104  7:38  Protoss Ground Armor Level 2  
  104  7:40  Probe (Chrono Boost)  
  104  7:41  Templar Archives, Gateway  
  105  7:47  Probe x2 (Chrono Boost)  
  105  7:48  Protoss Ground Weapons Level 2  
  105  7:50  Probe (Chrono Boost)  
  108  7:53  Adept x2  
  108  7:58  Adept x2  
  114  8:05  Gateway  
  116  8:06  Pylon  
  116  8:08  Resonating Glaives  
  116  8:16  Immortal  
  116  8:17  Nexus  
  116  8:24  Probe (Chrono Boost), Photon Cannon  
  116  8:25  Sentry  
  123  8:30  Probe (Chrono Boost)  
  118  8:35  Sentry, Adept x2  
  118  8:39  Probe (Chrono Boost)  
  119  8:44  Psionic Storm  
  118  8:50  Adept  
  118  8:56  Probe (Chrono Boost)  
  118  8:57  High Templar x2  
  118  9:00  Probe (Chrono Boost)  
  121  9:11  High Templar x2  
  121  9:13  Nexus  
  121  9:14  Pylon  
  121  9:15  Warp Prism  
  121  9:17  Gateway  
  125  9:18  Pylon  
  125  9:22  Gateway, Archon  
  127  9:26  Gateway  
  127  9:31  Gateway, Adept  
  127  9:36  Probe (Chrono Boost)  
  129  9:41  Photon Cannon  
  129  9:43  Photon Cannon  
  129  9:45  Photon Cannon  
  125  9:47  Adept x4, Photon Cannon  
  125  9:48  Photon Cannon  
  125  9:51  Probe (Chrono Boost)  
  133  9:53  Photon Cannon  
  133  9:56  Pylon  
  131  10:01  Pylon  
  131  10:02  Stalker  
  131  10:08  Protoss Ground Weapons Level 3, Protoss Ground Armor Level 3  
  131  10:09  Probe (Chrono Boost)  
  131  10:12  Adept x2  
  131  10:13  Adept  
  137  10:19  Immortal  
  139  10:29  Stalker x2  
  139  10:31  Pylon  
  143  10:42  Adept x3  
  143  10:43  Adept  
  143  10:48  Adept  
  134  11:03  Stalker x4  
  134  11:04  Stalker  
  140  11:08  Probe (Chrono Boost)  
  119  11:16  Probe x2 (Chrono Boost)  
  117  11:21  Stalker  
  117  11:22  Stalker  
  117  11:24  Probe (Chrono Boost)  
  104  11:26  Probe (Chrono Boost)  
  104  11:28  Assimilator  
  104  11:31  Assimilator  
  103  11:35  Photon Cannon  
  103  11:39  High Templar x2  
  103  11:40  High Templar x3  
  103  11:45  Adept  
  103  11:46  Adept  
  108  11:56  Probe (Chrono Boost)  
  108  11:58  Probe x2 (Chrono Boost)  
  108  11:59  Pylon  
  111  12:02  Immortal  
  111  12:04  Pylon  
  111  12:07  Stalker x2  
  115  12:14  Adept x2  
  115  12:15  Adept x3  
  124  12:25  Assimilator  
  124  12:28  Photon Cannon  
  124  12:30  Photon Cannon  
  124  12:31  Pylon  
  124  12:35  Probe (Chrono Boost)  
  126  12:37  Stalker x3  
  126  12:38  Probe (Chrono Boost)  
  131  12:45  Adept x4  
  138  12:54  Robotics Facility  
  138  12:55  Adept  
  140  12:59  Probe (Chrono Boost)  
  140  13:04  Photon Cannon  
  140  13:05  Photon Cannon  
  141  13:13  Stalker x2  
  141  13:14  Stalker x2  
  141  13:15  Stalker  
  141  13:17  High Templar  
  141  13:18  High Templar  
  155  13:20  High Templar  
  155  13:21  High Templar  
  155  13:24  Probe (Chrono Boost)  
  159  13:28  Probe (Chrono Boost)  
  159  13:33  Pylon  
  157  13:39  Stalker x2  
  157  13:40  Stalker x3  
  165  13:42  Observer  
  163  13:50  Photon Cannon  
  163  13:56  Robotics Bay  
  163  14:01  Stalker x3  
  163  14:11  Stalker x3  
  169  14:17  Warp Prism  
  171  14:38  Adept x3  
  159  14:47  Mothership Core (Chrono Boost)  
  151  14:53  Observer  
  151  14:58  Stalker x3  
  151  14:59  Stalker x5  
  166  15:06  Probe (Chrono Boost)  
  156  15:15  Immortal  
  156  15:19  Archon x3  
  156  15:20  Archon  
  152  15:23  Stalker x3  
  158  15:34  High Templar x4  
  164  15:44  Stalker x2  
  169  15:59  Nexus  
Show
View Real Time Build Order
Export as new Build Order

MoonLjth Protoss - Winner!

Build Orders:  

Get SALT Encoding   

Show
View Real Time Build Order
Export as new Build Order

iQuitBYE Protoss - Winner!

Build Orders:  

Get SALT Encoding   

Tags
 
Add a new tag
Caveats
  • Supply blocks, unpowered buildings, or Contaminate may cause inaccurate times.
  • Supply counts are checked every 10 seconds.